 Dungeon Crawl Stone Soup version 0.12.2-9-gf1dcfd2 (webtiles) character file.

1442 Impozify the Covert (level 8, 0/38 HPs)
             Began as a Spriggan Assassin on July 4, 2013.
             Was an Initiate of Nemelex Xobeh.
             Succumbed to a crimson imp's poison
             ... on Level 6 of the Dungeon.
             The game lasted 00:48:54 (8455 turns).

Impozify the Covert (Spriggan Assassin)             Turns: 8455, Time: 00:48:54

HP   0/38        AC  3     Str 11      XL: 8   Next: 11%
MP  16/16        EV 18     Int 14      God: Nemelex Xobeh [......]
Gold 336         SH  0     Dex 20      Spells:  2 memorised,  3 levels left

Res.Fire  : . . .   See Invis. : +   a - +2 dagger {=f}
Res.Cold  : . . .   Warding    : .   c - +0 robe
Life Prot.: . . .   Conserve   : .   (shield restricted)
Res.Poison: .       Res.Corr.  : .   (helmet restricted)
Res.Elec. : .       Clarity    : .   C - +0 cloak
Sust.Abil.: . .     Spirit.Shd : .   (gloves unavailable)
Res.Mut.  : .       Stasis     : .   (boots unavailable)
Res.Rott. : .       Ctrl.Telep.: .   (no amulet)
Saprovore : . . .   Flight     : .   (no ring)
                                     i - +4 ring of strength

@: mildly poisoned, very quick, somewhat resistant to hostile enchantments,
extremely stealthy
A: unfitting armour, talons 1, see invisible, herbivore 3, speed 3, -20% mp,
slow metabolism 2, Int +2
a: Renounce Religion


You were on level 6 of the Dungeon.
You worshipped Nemelex Xobeh.
Nemelex Xobeh was pleased with you.
You were not hungry.

You visited 1 branch of the dungeon, and saw 7 of its levels.

You collected 376 gold pieces.
You spent 90 gold pieces at shops.

Inventory:

Hand weapons
 a - a +2,+2 dagger (weapon) {=f}
 b - a +0 blowgun
 s - a +0 blowgun
 y - a +1,+1 dwarven dagger (quivered)
Missiles
 l - 6 poisoned needles
Armour
 c - a +0 robe (worn)
 d - a +0 cloak
 C - a +0 cloak (worn)
 F - a +0 buckler
Magical devices
 g - a wand of frost (0)
 J - a wand of disintegration (13)
Comestibles
 f - a bread ration
Scrolls
 e - 7 scrolls of remove curse
 j - a scroll of identify
 m - a scroll of magic mapping
 n - a scroll of fear
 q - 4 scrolls of enchant armour
 E - 2 scrolls of amnesia
 G - 2 scrolls of teleportation
Jewellery
 i - a +4 ring of strength (left hand)
Potions
 r - a potion of invisibility
 x - a potion of restore abilities
 A - a potion of agility
 B - a potion of magic
Books
 w - a book of Minor Magic

   Spells                             Type                      Level
   Magic Dart                         Conjuration                  1
   *Blink                             Translocation                2
   Call Imp                           Summoning                    2
   *Repel Missiles                    Charms/Air                   2
   Slow                               Hexes                        2
   Conjure Flame                      Conjuration/Fire             3
   Mephitic Cloud                     Conjuration/Poison/Air       3
 I - a book of Transfigurations

   Spells                             Type                      Level
   Stoneskin                          Transmutation/Earth          2
   Polymorph                          Hexes/Transmutation          4
   Ice Form                           Ice/Transmutation            4
   Statue Form                        Transmutation/Earth          6
   Dragon Form                        Fire/Transmutation           7
Magical staves
 D - an uncursed staff of wizardry {unknown}
Miscellaneous
 H - a plain deck of escape {drawn: 2}


   Skills:
 - Level 1.5 Fighting
 - Level 5.1 Short Blades
 - Level 2.1 Throwing
 + Level 2.2 Dodging
 - Level 10.0 Stealth
 - Level 7.0 Stabbing
 + Level 4.7 Evocations


You had 3 spell levels left.
You knew the following spells:

 Your Spells              Type           Power        Failure   Level  Hunger
a - Blink                 Tloc           N/A          43%         2    ###....
b - Repel Missiles        Chrm/Air       #.........   43%         2    ###....


Dungeon Overview and Level Annotations

Branches:
Dungeon (7/27)             Temple (0/1) D:7
    Orc: D:6-11

Altars:
Elyvilon
Nemelex Xobeh

Shops:
D:6: ?

Annotations
D:3 Fruitarian's ghost, average TrGl


Innate Abilities, Weirdness & Mutations

You are tiny and cannot use many weapons and most armour.
You have supernaturally acute eyesight.
You are a herbivore.
You cover ground extremely quickly.
You need consume almost no food.
You have sharp toenails.
Your mind is acute (Int +2).
Your magical capacity is very low (-20% MP).


Message History

You start resting.
* * * LOW HITPOINT WARNING * * *
You feel sick.
You start resting.
* * * LOW HITPOINT WARNING * * *
You feel sick.
You start resting.
* * * LOW HITPOINT WARNING * * *
You feel sick.
Drink which item? (? for menu, Esc to quit)
Okay, then.
You start resting.
* * * LOW HITPOINT WARNING * * *
You feel sick.
You start resting.
* * * LOW HITPOINT WARNING * * *
You feel sick.
You start resting.
You die...
Your body disappears without a glow.

.....'......##.#...'.............
...###.....###.#####%............
....#...)..........#.............
....#.##.#####.###.#.####....##..
.......#.........#.#.# #........
.......#.......#.#.#.####........
######.#.##........#.#.......)...
.......#.##......................
................@................
..........#......................
###########.####.#.###...........
#......# #....# ####........
#.########..#.# #........ #.#
#......#.# #........ #.#
#.####.#.# #........ #.#
#......#.# ########.
#.###########.# #..


There were no monsters in sight!

Vanquished Creatures
  A hippogriff (D:7)
  Sigmund (D:2)
  An ogre (D:4)
  A gnoll sergeant (D:7)
  Blork the orc (D:4)
  A giant frog (D:6)
  A giant frog skeleton (D:3)
  A quasit (D:6)
  A crimson imp (D:7)
  An orc priest (D:4)
  A scorpion (D:4)
  3 hounds
  2 iguanas (D:6)
  A worker ant (D:4)
  2 orc wizards
  Terence (D:3)
  14 gnolls
  3 adders
  An adder zombie (D:5)
  A worm (D:6)
  A giant eyeball (D:6)
  4 giant geckos
  An ooze (D:6)
  7 orcs
  A ball python (D:5)
  16 hobgoblins
  7 jackals
  8 kobolds
  7 quokkas
  18 bats
  3 giant cockroaches
  3 giant newts
  8 goblins
  10 rats
133 creatures vanquished.

Vanquished Creatures (others)
  A goblin (D:3)
  A quokka (D:3)
  A giant newt (D:2)
  A rat (D:3)
4 creatures vanquished.

Grand Total: 137 creatures vanquished

Notes
Turn   | Place    | Note
--------------------------------------------------------------
     0 | D:1      | Impozify, the Spriggan Assassin, began the quest for the Orb.
     0 | D:1      | Reached XP level 1. HP: 10/10 MP: 1/1
   393 | D:1      | Reached XP level 2. HP: 12/14 MP: 3/3
   457 | D:1      | Reached skill level 5 in Stealth
   934 | D:2      | Reached XP level 3. HP: 18/18 MP: 5/5
   950 | D:2      | Noticed Sigmund
   971 | D:2      | Gained mutation: Your mind is acute (Int +1). [potion of gain intelligence]
   989 | D:2      | Killed Sigmund
   989 | D:2      | Reached skill level 5 in Short Blades
   989 | D:2      | Reached XP level 4. HP: 13/22 MP: 7/7
  1358 | D:3      | Noticed Fruitarian's ghost (average TrGl)
  2068 | D:3      | Noticed Terence
  2096 | D:3      | Killed Terence
  2096 | D:3      | HP: 1/22 [goblin/ stone (7)]
  2103 | D:3      | Reached XP level 5. HP: 19/25 MP: 9/9
  3254 | D:3      | Reached skill level 6 in Stealth
  3421 | D:3      | Gained mutation: Your mind is acute (Int +2). [potion of gain intelligence]
  3474 | D:3      | Found a white marble altar of Elyvilon.
  3661 | D:4      | Noticed Blork the orc
  3932 | D:4      | Noticed a phantom
  4026 | D:3      | Gained mutation: Your magical capacity is low (-10% MP). [potion of mutation]
  4026 | D:3      | Gained mutation: You have sharp toenails. [potion of mutation]
  4026 | D:3      | Gained mutation: Your magical capacity is very low (-20% MP). [potion of mutation]
  4566 | D:3      | Reached XP level 6. HP: 30/30 MP: 8/8
  4791 | D:4      | Reached skill level 7 in Stealth
  4791 | D:4      | Reached skill level 5 in Stabbing
  4866 | D:5      | Entered Level 5 of the Dungeon
  5225 | D:5      | Learned a level 2 spell: Blink
  5255 | D:4      | Killed Blork the orc
  5342 | D:4      | Reached skill level 8 in Stealth
  5463 | D:4      | Reached XP level 7. HP: 20/34 MP: 10/10
  5993 | D:6      | Found a sparkling altar of Nemelex Xobeh.
  6008 | D:6      | Became a worshipper of Nemelex Xobeh
  6398 | D:6      | Found Aworasm's Magic Scroll Emporium.
  6401 | D:6      | Bought a scroll of teleportation for 45 gold pieces
  6404 | D:6      | Bought a scroll of teleportation for 45 gold pieces
  6467 | D:6      | Reached skill level 1 in Evocations
  6475 | D:6      | Received a gift from Nemelex Xobeh
  6517 | D:6      | Learned a level 2 spell: Repel Missiles
  6585 | D:6      | Reached skill level 9 in Stealth
  7486 | D:7      | Found a staircase to the Ecumenical Temple.
  8087 | D:7      | Reached XP level 8. HP: 14/38 MP: 13/15
  8090 | D:7      | Reached skill level 10 in Stealth
  8454 | D:6      | HP: 1/38 [poisoned by a crimson imp]
  8455 | D:6      | Succumbed to a crimson imp's poison

Action                   |  1- 3 |  4- 6 |  7- 9 || total
-------------------------+-------+-------+-------++-------
Melee: Dagger            |    49 |   232 |   140 ||   421
 Fire: Blowgun           |    12 |    71 |    66 ||   149
Throw: Dagger            |       |     2 |     3 ||     5
 Cast: Blink             |       |       |     1 ||     1
Evoke: Deck              |       |       |     2 ||     2
       Wand              |       |       |     3 ||     3
  Use: Potion            |     3 |     7 |     3 ||    13
       Scroll            |     1 |     2 |    11 ||    14
 Stab: Sleeping          |     6 |    11 |     9 ||    26
       Distracted        |     1 |     2 |     1 ||     4
